 Dungeon Crawl Stone Soup version 0.25-a0-71-ge910a4a (webtiles) character file.

Game seed: 10057030724156847313, levelgen mode: deterministic

60 CougarLife the Ruffian (level 3, -3/37 HPs)
             Began as a Troll Monk on Nov 4, 2019.
             Slain by Sigmund
             ... wielding a +0 scythe
              (6 damage)
             ... on level 2 of the Dungeon.
             The game lasted 00:01:37 (1189 turns).

CougarLife the Ruffian (Troll Monk)                 Turns: 1189, Time: 00:01:37

Health: -3/37      AC:  6    Str: 19    XL:     3   Next: 80%
Magic:  2/2        EV: 11    Int:  7    God:
Gold:   74         SH:  0    Dex: 12    Spells: 2/2 levels left

rFire    . . .     SeeInvis .     - Unarmed
rCold    . . .     Gourm    +   (no shield)
rNeg     . . .     Faith    .   a - +0 robe
rPois    .         Spirit   .   (helmet restricted)
rElec    .         Reflect  .   (no cloak)
rCorr    .         Harm     .   (gloves unavailable)
MR       .....                  (boots unavailable)
Stlth    +.........             (no amulet)
HPRegen  0.52/turn              (no ring)
MPRegen  0.08/turn              (no ring)

@: confused
A: large, unfitting armour, claws 3, fast metabolism 3, gourmand, regeneration
1, shaggy fur 1, tough skin 3
a: no special abilities


You were on level 2 of the Dungeon.
You were very full.

You visited 1 branch of the dungeon, and saw 2 of its levels.

You collected 74 gold pieces.

Inventory:

Armour
 a - a +0 robe (worn)
Jewellery
 h - an uncursed ring of see invisible {unknown}
Scrolls
 d - a scroll of teleportation {unknown}
 e - 3 scrolls of remove curse {unknown}
 i - 5 scrolls of identify {unknown}
 j - a scroll of magic mapping {unknown}
 k - a scroll of fog {unknown}
Potions
 c - a potion of curing {unknown}
 f - a potion of heal wounds {unknown}
 g - 2 potions of brilliance {unknown}
Comestibles
 b - 4 rations
 l - 8 chunks of flesh


   Skills:
 - Level 3.0 Fighting
 - Level 3.0 Dodging
 - Level 1.0 Stealth
 + Level 3.8 Unarmed Combat


You had 2 spell levels left.
You didn't know any spells.
Your spell library was empty.

Dungeon Overview and Level Annotations

Branches:
Dungeon (2/15)

Altars:

Annotations:
D:2 Sigmund


Innate Abilities, Weirdness & Mutations

You are too large for most types of armour.
You have claws for hands.
Your metabolism is lightning-fast.
You like to eat raw meat.
Your natural rate of healing is unusually fast.
You are covered in fur. (AC +1)
You have extremely tough skin. (AC +3)


Message History

No target in view!
You barely miss something. You barely miss something.
Something hits you but does no damage.
You closely miss something. Something hits you.
You claw something! You scratch something.
Something hits you but does no damage.
You closely miss something. Something hits you but does no damage.
You scratch something. You scratch something. Your claw misses something.
Something hits you!
You closely miss something. You completely miss something. Something hits you.
* * * LOW HITPOINT WARNING * * *
You completely miss something. Something hits you!
* * * LOW HITPOINT WARNING * * *
You closely miss something. You scratch something but do no damage.
You hear some strange, mumbled words.
You are confused.
You miss something. Something hits you.
You die...

## ##..#.#.... #..#..
..#.........
###..#..####..#.##......
.....##..##..##.........
#[...#......#...#...#..
....##....##..........
.....#....#....#......
#{..........#......
#.@†...##..##..[..#
#.#.#####..# ..##
#.#.......... ##
#.#..####..... #.#..#
#.....# #.#..# ....[#
.....# #....# ####


There were no monsters in sight!

Vanquished Creatures
  An adder (D:2)
  2 dart slugs (D:2)
  A giant cockroach (D:1)
  8 hobgoblins
  11 jackals
  2 kobolds (D:1)
  A quokka (D:2)
  2 ball pythons
  6 bats
  3 frilled lizards
  5 rats
  A toadstool (D:1)
43 creatures vanquished.

Vanquished Creatures (others)
  3 toadstools (D:1)
3 creatures vanquished.

Grand Total: 46 creatures vanquished

Notes
Turn   | Place    | Note
-------+----------+-------------------------------------------
     0 | D:1      | CougarLife the Troll Monk began the quest for the Orb.
     0 | D:1      | Reached XP level 1. HP: 22/22 MP: 0/0
   217 | D:1      | Reached XP level 2. HP: 29/29 MP: 1/1
   546 | D:1      | Reached XP level 3. HP: 33/37 MP: 2/2
  1168 | D:2      | Noticed Sigmund
  1186 | D:2      | HP: 1/37 [something (9)]
  1189 | D:2      | Slain by Sigmund

Levels and vault maps discovered:
D:1:      ldierk_water_garden, layout_basic
D:2:      minmay_skewed_foursquare, layout_basic, first_ration,
          minmay_misc_feat_iff, uniq_sigmund

Skill      XL: |  1  2 |
---------------+-------+-----
Dodging        | 3 |  3.0
Fighting       | 3 |  3.0
Stealth        | |  1.0
Unarmed Combat | |  3.8

Action                   || total
-------------------------++-------
Melee: Unarmed           ||   144
       Punch             ||     1
 Stab: Sleeping          ||     1
  Eat: Chunk             ||    16
Armor: Robe              ||    96
Dodge: Dodged            ||   109

Table legend:
 A = Non-vault XP
 B = Vault XP
 C = Vault XP percentage of total XP
 D = Non-vault monster count
 E = Vault monster count
 F = Vault count percentage of total count
                 A         B        C        D         E       F
            +---------+---------+-------+---------+---------+-------
      Total |      79 |       7 |   8.1 |      39 |       3 |   7.1
            +---------+---------+-------+---------+---------+-------
        D:1 |      45 |       0 |   0.0 |      26 |       0 |   0.0
        D:2 |      34 |       7 |  17.1 |      13 |       3 |  18.8
            +---------+---------+-------+---------+---------+-------
